 Dungeon Crawl Stone Soup version 0.19.1-1-g22dce08 (webtiles) character file.

45 paradoxae the Sneak (level 3, -3/24 HPs)
             Began as a Vampire Enchanter on Jan 4, 2017.
             Slain by Sigmund
             ... wielding a +5 vampiric scythe
              (4 damage)
             ... on level 2 of the Dungeon.
             The game lasted 00:06:15 (1447 turns).

paradoxae the Sneak (Vampire Enchanter)             Turns: 1447, Time: 00:06:16

Health: -3/24      AC:  4    Str: 11    XL:     3   Next: 42%
Magic:  0/6        EV: 13    Int: 18    God:
Gold:   41         SH:  0    Dex: 14    Spells: 2 memorised, 3 levels left

rFire  . . .     SeeInvis +     a - +1 dagger
rCold  + . .     Gourm    .     b - +1 robe
rNeg   + + .     Faith    .     (no shield)
rPois  +         Spirit   .     (no helmet)
rElec  .         Reflect  .     (no cloak)
rCorr  .         Harm     .     (no gloves)
MR     .....                    f - +0 pair of boots
Stlth  ++++......               (no amulet)
                                (no ring)
                                j - +4 ring of strength

@: very slightly contaminated, regenerating slowly
A: fangs 3, see invisible, unbreathing
a: Bat Form


You were on level 2 of the Dungeon.
You were near bloodless.

You visited 1 branch of the dungeon, and saw 2 of its levels.

You collected 41 gold pieces.

Inventory:

Hand Weapons
 a - a +1 dagger (weapon)
Missiles
 g - 2 tomahawks (quivered)
Armour
 b - a +1 robe (worn)
 f - a +0 pair of boots (worn)
Jewellery
 j - a +4 ring of strength (left hand)
Scrolls
 d - 3 scrolls of identify {unknown}
 e - a scroll of amnesia {unknown}
 h - a scroll of teleportation {unknown}
 k - a scroll of fog {unknown}
Potions
 i - a potion of curing
 l - a potion of might {unknown}
 q - 10 potions of blood
Books
 c - a book of Maledictions

   Spells                             Type                      Level
   a - Corona                         Hexes                        1
   b - Ensorcelled Hibernation        Hexes/Ice                    2
   c - Confuse                        Hexes                        3
   d - Tukima's Dance                 Hexes                        3
   e - Dazzling Spray                 Conjuration/Hexes            3


   Skills:
 + Level 0.1 Fighting
 + Level 2.0 Short Blades
 + Level 0.4 Armour
 + Level 2.4 Dodging
 + Level 5.0 Stealth
 + Level 2.2 Spellcasting
 + Level 4.6 Hexes
 + Level 0.6 Ice Magic


You had 3 spell levels left.
You knew the following spells:

 Your Spells              Type           Power        Failure   Level  Hunger
a - Corona                Hex            ###....      2%          1    #......
z - Ensorcelled Hibernat  Hex/Ice        ##....       12%         2    ##.....


Dungeon Overview and Level Annotations

Branches:
Dungeon (2/15)

Altars:

Annotations:
D:2 Sigmund


Innate Abilities, Weirdness & Mutations

You heal slowly.
You have razor-sharp teeth.
You have supernaturally acute eyesight. (SInv)
You can survive without breathing.


Message History

You are confused.
You're too confused to cast spells.
You're too confused to cast spells.
You bump into the rock wall.
Sigmund closely misses you.
You feel almost devoid of blood! Sigmund misses you.
You're too confused to move!
You feel less confused. Sigmund gestures at you while chanting.
The magic dart hits you!
* * * LOW HITPOINT WARNING * * *
Casting: Ensorcelled Hibernation
Confirm with . or Enter, or press ? or * to list all spells.
Aiming: Ensorcelled Hibernation
Press: ? - help, Shift-Dir - straight line, f/p - Sigmund
Aim: Sigmund, wielding a vampiric scythe and wearing a robe (severely wounded, slightly transparent, chance to defeat MR: 50%) Sigmund resists with some effort.
Sigmund hits you with a vampiric scythe.
You die...

#..........#####...###########
......†....÷.@.....#
#.##......#######..# ###.#..#
#####..# # #.#..# #...@..# #
#...)###.###..# # #........#
#..# # .....##.@# #..# #
####..##.@# #..# # #..# #..# #
#...........# # #####..####.#
# #..# ... #..# .... #.)# ####
#..# #..#


You could see Sigmund (invisible).

Vanquished Creatures
  An adder (D:2)
  An ooze (D:1)
  A worm (D:2)
  A dart slug (D:2)
  2 leopard geckos (D:1)
  A giant cockroach (D:2)
  4 goblins
  5 hobgoblins
  A ball python (D:2)
  2 bats
  A frilled lizard (D:1)
  A kobold (D:1)
  4 rats
25 creatures vanquished.

Notes
Turn   | Place    | Note
-------+----------+-------------------------------------------
     0 | D:1      | paradoxae the Vampire Enchanter began the quest for the Orb.
     0 | D:1      | Reached XP level 1. HP: 13/13 MP: 3/3
   178 | D:1      | Reached XP level 2. HP: 14/19 MP: 5/5
   182 | D:1      | Learned a level 2 spell: Ensorcelled Hibernation
  1173 | D:2      | Reached XP level 3. HP: 24/24 MP: 3/6
  1381 | D:2      | Reached skill level 5 in Stealth
  1416 | D:2      | Noticed Sigmund
  1446 | D:2      | HP: 1/24 [Sigmund/magic dart (9)]
  1447 | D:2      | Slain by Sigmund

Skill      XL: |  1  2  3 |
---------------+----------+-----
Short Blades   | 2 |  2.0
Stealth        | 5 |  5.0
Fighting       | |  0.1
Armour         | |  0.4
Dodging        | |  2.4
Spellcasting   | |  2.2
Hexes          | |  4.6
Ice Magic      | |  0.6

Action                   || total
-------------------------++-------
Melee: Dagger            ||    84
       Bite              ||     3
 Cast: Ensorcelled Hiber ||    12
 Stab: Sleeping          ||    10
Armor: Robe              ||    21
Dodge: Dodged            ||    53
